AoeStats
← 啤酒肚肥猪

Glade

510510096Analyzed
1v1 RM · 1d ago on Oct 1, 2026· 43m 48s· 2 players
Game mode
Random Map
Map size
Tiny (2 player)
Population
200
Speed
Normal
Resources
Standard
Victory
Conquest
Starting age
Dark Age
Ending age
Imperial Age
RankedLock teamsTeams togetherTeam positionsShared explorationLock speedFull tech treeHidden civsTurbo modeCheats
Victory
Defeat
🇨🇳 Cumans · China
1503
+16
🇭🇰 Burgundians · Hong Kong SAR China
1497
-16
啤酒肚肥猪
3:32 Double-Bit Axe
9:39 Feudal Age
10:27 Horse Collar
11:02 Bow Saw
10:53 Arson
10:56 Horse Collar
15:20 Loom
19:16 Castle Age
19:13 Stone Mining
19:45 Fletching
20:38 Heavy Plow
25:34 Two-Man Saw
32:10 Imperial Age
30:34 Wheelbarrow
31:29 Scale Barding Armor
31:01 Elite Skirmisher
31:50 Bodkin Arrow
31:55 Padded Archer Armor
33:08 Ballistics
33:06 Bracer
34:37 Chemistry
34:31 Leather Archer Armor
37:16 Stone Shaft Mining
36:34 Gold Mining
39:20 Scale Mail Armor
40:59 Chain Mail Armor
40:55 Forging
Lionheart
6:46 Loom
9:04 Feudal Age
9:58 Double-Bit Axe
12:47 Loom
16:49 Horse Collar
17:12 Fletching
19:32 Wheelbarrow
22:21 Castle Age
20:47 Padded Archer Armor
24:13 Bodkin Arrow
24:49 Leather Archer Armor
24:58 Bloodlines
25:15 Bow Saw
25:14 Gold Mining
25:28 Heavy Plow
30:13 Imperial Age
28:00 Capped Ram
31:17 Ballistics
32:04 Ring Archer Armor
32:36 Chemistry
32:31 Conscription
32:48 Crop Rotation
33:02 Siege Ram
33:24 Light Cavalry
35:10 Conscription
34:20 Hussar
36:25 Scale Barding Armor
36:31 Forging
39:03 Scale Mail Armor
40:34 Gold Shaft Mining
41:22 Steppe Husbandry
41:55 Elite Steppe Lancer
43:37 Iron Casting
43:41 Thumb Ring
44:07 Parthian Tactics
44:37 Hand Cart
44:45 Chain Barding Armor
Connection lost

Rejoining the realm…

Still unreachable

The connection could not be restored.

Session expired

The server has moved on; the page needs a fresh start.